 Dungeon Crawl Stone Soup version 0.18.1-47-g9310371 (webtiles) character file.

25 Sirdec the Vandal (level 3, 0/24 HPs)
             Began as a Halfling Hunter on June 20, 2016.
             Slain by a giant cockroach (2 damage)
             ... on level 1 of the Dungeon.
             The game lasted 00:05:18 (517 turns).

Sirdec the Vandal (Halfling Hunter)                  Turns: 517, Time: 00:05:19

Health: 0/24       AC:  3    Str: 12    XL:     3   Next: 20%
Magic:  3/3        EV: 14    Int: 10    God:
Gold:   56         SH:  0    Dex: 15    Spells: 0 memorised, 2 levels left

rFire  . . .     SeeInvis .     b - +0 short sword
rCold  . . .     Gourm    .     c - +0 leather armour
rNeg   . . .     Faith    .     (shield restricted)
rPois  .         Spirit   .     (no helmet)
rElec  .         Dismiss  .     (no cloak)
rCorr  .         Reflect  .     (no gloves)
SustAt .         Harm     .     (no boots)
MR     .....                    (no amulet)
Stlth  ++........               (no ring)
                                o - ring of flight

@: not resistant to hostile enchantments, unstealthy
A: mutation resistance 1
a: Evoke Flight


You were on level 1 of the Dungeon.
You were not hungry.

You visited 1 branch of the dungeon, and saw 1 of its levels.

You collected 56 gold pieces.

Inventory:

Hand Weapons
 a - a +1 hunting sling
 b - a +0 short sword (weapon)
Missiles
 d - 20 sling bullets
 k - 2 stones (quivered)
Armour
 c - a +0 leather armour (worn)
Jewellery
 o - a ring of flight (left hand)
Scrolls
 e - a scroll of immolation {unknown}
 h - a scroll of blinking {unknown}
 j - 2 scrolls of identify {unknown}
 l - a scroll of remove curse {unknown}
 n - 2 scrolls of teleportation {unknown}
Potions
 g - a potion of haste {unknown}
 m - a potion of degeneration {unknown}
 p - a potion of curing {unknown}
Comestibles
 f - a bread ration
 i - a beef jerky


   Skills:
 - Level 1.7 Fighting
 * Level 1.1 Short Blades
 + Level 6.8 Slings
 - Level 2.4 Dodging
 + Level 1.1 Stealth


You had 2 spell levels left.
You didn't know any spells.

Dungeon Overview and Level Annotations

Branches:
Dungeon (1/15)

Altars:


Innate Abilities, Weirdness & Mutations

You are small and have problems with some larger weapons.
You are somewhat resistant to further mutation.


Message History

The giant cockroach bites you but does no damage.
The jackal bites you.
* * * LOW HITPOINT WARNING * * *
You closely miss the jackal.
The jackal is almost dead.
The giant cockroach barely misses you.
The jackal bites you but does no damage.
You completely miss the giant cockroach.
The giant cockroach is severely wounded.
The giant cockroach barely misses you. The jackal barely misses you.
The giant cockroach completely misses you.
You closely miss the jackal.
The jackal is severely wounded.
The jackal closely misses you. The giant cockroach closely misses you.
The jackal bites you.
* * * LOW HITPOINT WARNING * * *
You closely miss the jackal.
The jackal is severely wounded.
The jackal barely misses you. The giant cockroach bites you.
You die...

#### # #...#.. ##.......
#........ ############........
#####...........@h......
......########...s......
...............###..$#..
################ #### ####
######### ############ ...##
#.......## #..........# ##..###
#.#####..# #..........#
###...###.######.#####......)...#
................................#


You could see a jackal and a giant cockroach.

Vanquished Creatures
  A dart slug (D:1)
  2 giant cockroaches (D:1)
  3 goblins (D:1)
  2 hobgoblins (D:1)
  A jackal (D:1)
  4 kobolds (D:1)
  A bat (D:1)
  2 giant newts (D:1)
  8 rats (D:1)
24 creatures vanquished.

Notes
Turn   | Place    | Note
--------------------------------------------------------------
     0 | D:1      | Sirdec the Halfling Hunter began the quest for the Orb.
     0 | D:1      | Reached XP level 1. HP: 14/14 MP: 1/1
    36 | D:1      | Reached skill level 6 in Slings
    41 | D:1      | Reached XP level 2. HP: 19/19 MP: 2/2
   304 | D:1      | Reached skill level 1 in Short Blades
   370 | D:1      | Reached XP level 3. HP: 24/24 MP: 3/3
   517 | D:1      | Slain by a giant cockroach

Skill      XL: |  1  2 |
---------------+-------+-----
Slings         | 6 |  6.8
Short Blades   | 1 |  1.1
Fighting       | |  1.7
Dodging        | |  2.4
Stealth        | |  1.1

Action                   || total
-------------------------++-------
Melee: Short sword       ||    66
 Fire: Hunting sling     ||    10
 Stab: Sleeping          ||     1
Armor: Leather armour    ||    23
Dodge: Dodged            ||    63
